Map: New Gettysburg LE

Players

Gracz

  • Race: Protoss Protoss
  • League: Silver

nipnap - Winner!

  • Race: Terran Terran
  • League: Silver

VOD

Have the link to the VOD?

Description

Time

  • Played on: Sept. 27, 2016, 1:32 p.m.
  • Length: 4:54
Show
View Real Time Build Order
Export as new Build Order

Gracz Protoss 

Build Orders:  

Get SALT Encoding   

  12  0:02  Probe (Chrono Boost)  
  13  0:16  Pylon  
  13  0:20  Probe (Chrono Boost)  
  14  0:38  Gateway  
  14  0:43  Gateway  
  14  0:49  Probe (Chrono Boost)  
  15  0:58  Pylon  
  15  1:00  Probe (Chrono Boost)  
  16  1:11  Probe (Chrono Boost)  
  17  1:19  Gateway  
  17  1:22  Assimilator  
  17  1:33  Cybernetics Core  
  17  1:35  Probe (Chrono Boost)  
  18  1:44  Zealot  
  18  1:46  Probe (Chrono Boost)  
  21  1:55  Warp Gate  
  21  2:03  Pylon  
  21  2:05  Probe (Chrono Boost)  
  21  2:07  Zealot  
  25  2:17  Probe (Chrono Boost)  
  25  2:35  Nexus  
  25  2:59  Assimilator  
  25  3:06  Pylon  
  25  3:12  Stargate  
  25  3:30  Probe (Chrono Boost)  
  27  3:42  Probe (Chrono Boost)  
  27  3:47  Probe (Chrono Boost)  
  28  3:54  Pylon x2  
  29  3:56  Pylon  
  29  3:58  Probe (Chrono Boost)  
  30  4:06  Mothership Core (Chrono Boost)  
  32  4:11  Gateway  
  29  4:20  Forge  
Show
View Real Time Build Order
Export as new Build Order

nipnap Terran - Winner!

Build Orders:  

Get SALT Encoding   

  12  0:12  Supply Depot  
  12  0:13  SCV  
  13  0:25  SCV  
  14  0:37  SCV  
  15  0:43  Barracks  
  16  0:50  SCV  
  16  0:58  Barracks  
  16  1:02  SCV  
  17  1:14  SCV  
  18  1:30  Orbital Command  
  18  1:32  Barracks, Marine  
  19  1:46  Marine  
  20  1:48  Supply Depot  
  20  1:50  Marine  
  21  2:04  Marine  
  21  2:08  Marine  
  22  2:11  Supply Depot  
  23  2:22  Marine  
  24  2:26  Barracks, Marine x2  
  26  2:35  Refinery  
  26  2:40  Marine  
  26  2:44  Marine  
  27  2:47  Marine  
  29  2:58  Marine  
  30  3:01  Marine  
  30  3:05  Marine  
  32  3:15  Marine  
  32  3:16  Marine  
  32  3:19  Marine, Refinery  
  35  3:23  Marine  
  35  3:24  SCV  
  37  3:33  Marine  
  38  3:34  Marine  
  38  3:36  SCV  
  38  3:37  Marine  
  38  3:41  Marine  
  42  3:48  SCV  
  42  3:51  Marine  
  42  3:55  Marine  
  45  4:09  Marine  
Tags
 
Add a new tag
Caveats
  • Supply blocks, unpowered buildings, or Contaminate may cause inaccurate times.
  • Supply counts are checked every 10 seconds.